TOP OF THE 1ST |
Detroit Dirty Snow batting - Pitching for Scottsdale Scorpions : LHP Brant Goff
|
Pitching: LHP Brant Goff
|
|
Batting: SHB Cristián López
|
0-0: Foul Ball, location: 2F 0-1: Foul Ball, location: 2F 0-2: Foul Ball, location: 2F 0-2: Fly out, F9 (Flyball, 9S)
|
Batting: RHB Cristo Souza
|
0-0: Called Strike 0-1: Ball 1-1: Fly out, F9 (Flyball, 9S)
|
Batting: LHB Félix Costa
|
0-0: Foul Ball, location: 2F 0-1: SINGLE (Groundball, 4D)
|
Batting: RHB Carlos Rocha
|
0-0: Fly out, F8 (Flyball, 89D)
|
Top of the 1st over - 0 run(s), 1 hit(s), 0 error(s), 1 left on base; Detroit 0 - Scottsdale 0 |
BOTTOM OF THE 1ST |
Scottsdale Scorpions batting - Pitching for Detroit Dirty Snow : RHP José Rocha
|
Pitching: RHP José Rocha
|
|
Batting: RHB Miguel Ramos
|
0-0: Ball 1-0: Called Strike 1-1: Foul Ball, location: 2F 1-2: Ground out 4-3 (Groundball, 4)
|
Batting: RHB Steve Boyer
|
0-0: Ball 1-0: Ball 2-0: Ball 3-0: Base on Balls
|
Batting: RHB Brian Stewart
|
0-0: Fly out, F9 (Line Drive, 9LM)
|
Batting: RHB Jaime Delgado
|
0-0: Called Strike 0-1: Called Strike 0-2: SINGLE (Line Drive, 4MD) Steve Boyer to second
|
Batting: SHB Luis López
|
0-0: Swinging Strike 0-1: Ball 1-1: Ball 2-1: 3-RUN HOME RUN (Flyball, 9LD), Distance : 324 ft
|
Batting: RHB Sergio Domínguez
|
0-0: Called Strike 0-1: Ball 1-1: SINGLE (Line Drive, 7S)
|
Batting: SHB Arnold Moore
|
0-0: Fielders Choice at 2nd, U6 (Groundball, 6M)
|
Bottom of the 1st over - 3 run(s), 3 hit(s), 0 error(s), 1 left on base; Detroit 0 - Scottsdale 3 |
TOP OF THE 2ND |
Detroit Dirty Snow batting - Pitching for Scottsdale Scorpions : LHP Brant Goff
|
Batting: RHB Gary Wyatt
|
0-0: Foul Ball, location: 2F 0-1: Ball 1-1: Ball 2-1: Ball 3-1: Base on Balls
|
Batting: RHB Charlie O'Farrell
|
0-0: Foul Ball, location: 2F 0-1: Ball Gary Wyatt is caught stealing 2nd base 1-1: Ball 2-1: Reached via error on a dropped throw, E3
|
Batting: SHB Alan Garland
|
0-0: Foul Ball, location: 2F 0-1: Ball 1-1: Grounds into double play, 6-4-3 (Groundball, 6)
|
Top of the 2nd over - 0 run(s), 0 hit(s), 1 error(s), 0 left on base; Detroit 0 - Scottsdale 3 |
BOTTOM OF THE 2ND |
Scottsdale Scorpions batting - Pitching for Detroit Dirty Snow : RHP José Rocha
|
Batting: RHB Robinson Fernández
|
0-0: Ball 1-0: Ball 2-0: SINGLE (Line Drive, 9LS)
|
Batting: RHB Dave MacGruder
|
0-0: Called Strike 0-1: Ball 1-1: Ball 2-1: Foul Ball, location: 2F 2-2: Ball 3-2: SINGLE (Groundball, 56D) Robinson Fernández to second
|
Batting: RHB Miguel Ramos
|
0-0: Foul Ball, location: 2F 0-1: Grounds into double play, 5-4-3 (Groundball, 56) Robinson Fernández to third
|
Batting: RHB Steve Boyer
|
0-0: Foul Ball, location: 2F 0-1: Ball 1-1: Foul Ball, location: 2F 1-2: Foul Ball, location: 2F 1-2: Foul Ball, location: 2F 1-2: Strikes out looking
|
Bottom of the 2nd over - 0 run(s), 2 hit(s), 0 error(s), 1 left on base; Detroit 0 - Scottsdale 3 |
TOP OF THE 3RD |
Detroit Dirty Snow batting - Pitching for Scottsdale Scorpions : LHP Brant Goff
|
Batting: SHB Víctor Torres
|
0-0: Ball 1-0: Ball 2-0: Ball 3-0: Base on Balls
|
Batting: RHB Manuel Flores
|
0-0: Ball 1-0: Ball 2-0: Fly out, F4 (Line Drive, 4)
|
Batting: SHB Cristián López
|
0-0: Ball 1-0: SINGLE (Line Drive, 89S) Víctor Torres to second
|
Batting: RHB Cristo Souza
|
0-0: SINGLE (Line Drive, 56D) Víctor Torres to third Cristián López to second
|
Batting: LHB Félix Costa
|
0-0: Fielders Choice at 2nd, 3-6 (Groundball, 34) Víctor Torres scores Cristián López to third
|
Batting: RHB Carlos Rocha
|
0-0: Ball Pickoff Throw to First - Error! E1 Cristián López scores Félix Costa to second 1-0: Ball 2-0: Fly out, F9 (Flyball, 89S)
|
Top of the 3rd over - 2 run(s), 2 hit(s), 1 error(s), 1 left on base; Detroit 2 - Scottsdale 3 |
BOTTOM OF THE 3RD |
Scottsdale Scorpions batting - Pitching for Detroit Dirty Snow : RHP José Rocha
|
Batting: RHB Brian Stewart
|
0-0: Called Strike 0-1: Ball 1-1: Ball 2-1: SINGLE (Line Drive, 6D)
|
Batting: RHB Jaime Delgado
|
0-0: Ball 1-0: Foul Ball, location: 2F 1-1: Foul Ball, location: 2F 1-2: Ball 2-2: Ball 3-2: SINGLE (Flyball, 8RS) Brian Stewart to second
|
Batting: SHB Luis López
|
0-0: Called Strike 0-1: Foul Ball, location: 2F 0-2: Ball 1-2: Foul Ball, location: 2F 1-2: Fly out, F8 (Flyball, 8LM)
|
Batting: RHB Sergio Domínguez
|
0-0: SINGLE (Groundball, 6MD) Brian Stewart to third Jaime Delgado to second Runner from 3rd tries for Home, throw and OUT!
|
Batting: SHB Arnold Moore
|
0-0: Ball 1-0: Swinging Strike 1-1: DOUBLE (Line Drive, 7LD) Jaime Delgado scores Sergio Domínguez to third Runner from 3rd tries for Home, SAFE, no throw
|
Pinch Runner at 2nd Edgardo Gonzáles:
|
|
Batting: RHB Robinson Fernández
|
0-0: Foul Ball, location: 2F 0-1: Fly out, F2 (Popup, 13S)
|
Bottom of the 3rd over - 2 run(s), 4 hit(s), 0 error(s), 1 left on base; Detroit 2 - Scottsdale 5 |
TOP OF THE 4TH |
Detroit Dirty Snow batting - Pitching for Scottsdale Scorpions : LHP Brant Goff
|
Batting: RHB Gary Wyatt
|
0-0: Called Strike 0-1: Called Strike 0-2: Foul Ball, location: 2F 0-2: Strikes out swinging
|
Batting: RHB Charlie O'Farrell
|
0-0: Ball 1-0: Ball 2-0: Swinging Strike 2-1: Ball 3-1: Called Strike 3-2: Foul Ball, location: 2F 3-2: Strikes out swinging
|
Batting: SHB Alan Garland
|
0-0: Fly out, F8 (Flyball, 78D)
|
Top of the 4th over - 0 run(s), 0 hit(s), 0 error(s), 0 left on base; Detroit 2 - Scottsdale 5 |
BOTTOM OF THE 4TH |
Scottsdale Scorpions batting - Pitching for Detroit Dirty Snow : RHP José Rocha
|
Batting: RHB Dave MacGruder
|
0-0: Foul Ball, location: 2F 0-1: Ball 1-1: Ball 2-1: Swinging Strike 2-2: Ball 3-2: Strikes out swinging
|
Batting: RHB Miguel Ramos
|
0-0: Ball 1-0: Ball 2-0: Called Strike 2-1: Swinging Strike 2-2: Strikes out looking
|
Batting: RHB Steve Boyer
|
0-0: SINGLE (Line Drive, 7LM)
|
Batting: RHB Brian Stewart
|
0-0: Swinging Strike 0-1: Called Strike 0-2: Foul Ball, location: 2F 0-2: Ball 1-2: SINGLE (Groundball, 56D) Steve Boyer to second
|
Pitching: RHP Mark Messier
|
|
Batting: RHB Jaime Delgado
|
0-0: Ball 1-0: Fly out, F4 (Line Drive, 4M)
|
Bottom of the 4th over - 0 run(s), 2 hit(s), 0 error(s), 2 left on base; Detroit 2 - Scottsdale 5 |
TOP OF THE 5TH |
Detroit Dirty Snow batting - Pitching for Scottsdale Scorpions : LHP Brant Goff
|
Batting: SHB Víctor Torres
|
0-0: Ball 1-0: Ball 2-0: SINGLE (Groundball, 6MD)
|
Batting: RHB Manuel Flores
|
0-0: Ball 1-0: Grounds into double play, 4-6-3 (Groundball, 4)
|
Batting: SHB Cristián López
|
0-0: Called Strike 0-1: Ball 1-1: Swinging Strike 1-2: SINGLE (Line Drive, 56D)
|
Batting: RHB Cristo Souza
|
0-0: Fielders Choice at 2nd, 5-4 (Groundball, 56)
|
Top of the 5th over - 0 run(s), 2 hit(s), 0 error(s), 0 left on base; Detroit 2 - Scottsdale 5 |
BOTTOM OF THE 5TH |
Scottsdale Scorpions batting - Pitching for Detroit Dirty Snow : RHP Mark Messier
|
Batting: SHB Luis López
|
0-0: Ball 1-0: Called Strike 1-1: Foul Ball, location: 2F 1-2: Strikes out swinging
|
Batting: RHB Sergio Domínguez
|
0-0: Ball 1-0: Ball 2-0: Fly out, F6 (Line Drive, 6)
|
Batting: RHB Edgardo Gonzáles
|
0-0: Ball 1-0: Swinging Strike 1-1: Fly out, F4 (Popup, 34D)
|
Bottom of the 5th over - 0 run(s), 0 hit(s), 0 error(s), 0 left on base; Detroit 2 - Scottsdale 5 |
TOP OF THE 6TH |
Detroit Dirty Snow batting - Pitching for Scottsdale Scorpions : LHP Brant Goff
|
Batting: LHB Félix Costa
|
0-0: Ball 1-0: Ball 2-0: Foul Ball, location: 2F 2-1: Ball 3-1: Base on Balls
|
Batting: RHB Carlos Rocha
|
0-0: Fly out, F8 (Flyball, 8LM)
|
Batting: RHB Gary Wyatt
|
0-0: Ball 1-0: Ball 2-0: Ball 3-0: Called Strike 3-1: Called Strike 3-2: Strikes out looking Félix Costa is caught stealing 2nd base Batter strikes out.
|
Top of the 6th over - 0 run(s), 0 hit(s), 0 error(s), 0 left on base; Detroit 2 - Scottsdale 5 |
BOTTOM OF THE 6TH |
Scottsdale Scorpions batting - Pitching for Detroit Dirty Snow : RHP Mark Messier
|
Batting: RHB Robinson Fernández
|
0-0: Ball 1-0: Called Strike 1-1: Ball 2-1: Swinging Strike 2-2: Strikes out looking
|
Batting: RHB Dave MacGruder
|
0-0: Ball 1-0: Ball 2-0: SINGLE (Groundball, 34D)
|
Batting: RHB Miguel Ramos
|
0-0: Ball 1-0: Grounds into double play, 3-6-3 (Groundball, 3)
|
Bottom of the 6th over - 0 run(s), 1 hit(s), 0 error(s), 0 left on base; Detroit 2 - Scottsdale 5 |
TOP OF THE 7TH |
Detroit Dirty Snow batting - Pitching for Scottsdale Scorpions : LHP Brant Goff
|
Batting: RHB Charlie O'Farrell
|
0-0: Swinging Strike 0-1: DOUBLE (Line Drive, 78XD)
|
Batting: SHB Alan Garland
|
0-0: Fly out, F4 (Line Drive, 4M)
|
Batting: SHB Víctor Torres
|
0-0: Ball 1-0: Ball 2-0: Swinging Strike Passed Ball! Charlie O'Farrell to third 2-1: Ball 3-1: Ground out 6-3 (Groundball, 6) Charlie O'Farrell scores
|
Batting: RHB Manuel Flores
|
0-0: Swinging Strike 0-1: Ball 1-1: SOLO HOME RUN (Flyball, 8LXD), Distance : 392 ft
|
Batting: SHB Cristián López
|
0-0: Called Strike 0-1: Swinging Strike 0-2: Strikes out swinging
|
Top of the 7th over - 2 run(s), 2 hit(s), 0 error(s), 0 left on base; Detroit 4 - Scottsdale 5 |
BOTTOM OF THE 7TH |
Scottsdale Scorpions batting - Pitching for Detroit Dirty Snow : RHP Mark Messier
|
Batting: RHB Steve Boyer
|
0-0: Ball 1-0: Ground out 4-3 (Groundball, 4)
|
Batting: RHB Brian Stewart
|
0-0: Ball 1-0: SINGLE (Line Drive, 6M)
|
Pinch Hitting: LHB José Garza
|
0-0: Called Strike 0-1: Ball 1-1: Called Strike 1-2: Strikes out swinging
|
Batting: SHB Luis López
|
0-0: Called Strike 0-1: Foul Ball, location: 2F 0-2: Ball 1-2: Foul Ball, location: 2F 1-2: Ball 2-2: Ball 3-2: Fly out, F7 (Flyball, 7LS)
|
Bottom of the 7th over - 0 run(s), 1 hit(s), 0 error(s), 1 left on base; Detroit 4 - Scottsdale 5 |
TOP OF THE 8TH |
Detroit Dirty Snow batting - Pitching for Scottsdale Scorpions : LHP Brant Goff
|
Pitching: RHP Jesús Ramírez
|
|
Now in CF: José Garza
|
|
Batting: RHB Cristo Souza
|
0-0: Ball 1-0: Ball 2-0: Called Strike 2-1: Foul Ball, location: 2F 2-2: Foul Ball, location: 2F 2-2: Strikes out looking
|
Pitching: LHP Miguel Guerra
|
|
Batting: LHB Félix Costa
|
0-0: Ball 1-0: Ball 2-0: Ball 3-0: Base on Balls
|
Batting: RHB Carlos Rocha
|
0-0: Called Strike 0-1: Ball 1-1: Foul Ball, location: 2F 1-2: Ball 2-2: Foul Ball, location: 2F 2-2: Foul Ball, location: 2F 2-2: Ball 3-2: Base on Balls Félix Costa to second
|
Batting: RHB Gary Wyatt
|
0-0: SINGLE (Groundball, 56D) Félix Costa to third Carlos Rocha to second Runner from 3rd tries for Home, SAFE, no throw
|
Batting: RHB Charlie O'Farrell
|
0-0: Swinging Strike 0-1: Ball 1-1: Ball 2-1: Ball 3-1: Called Strike 3-2: Strikes out swinging
|
Pinch Hitting: RHB Paul Liddle
|
0-0: Ball 1-0: Ball 2-0: Called Strike 2-1: Fly out, F9 (Flyball, 9S)
|
Top of the 8th over - 1 run(s), 1 hit(s), 0 error(s), 2 left on base; Detroit 5 - Scottsdale 5 |
BOTTOM OF THE 8TH |
Scottsdale Scorpions batting - Pitching for Detroit Dirty Snow : RHP Mark Messier
|
Pitching: RHP Vaughan Horne
|
|
Now in LF: Carlos Salas
|
|
Batting: RHB Sergio Domínguez
|
0-0: Ball 1-0: Ball 2-0: Ball 3-0: Called Strike 3-1: Base on Balls
|
Batting: RHB Edgardo Gonzáles
|
0-0: Foul Ball, location: 2F 0-1: Fly out, F7 (Flyball, 7)
|
Batting: RHB Robinson Fernández
|
0-0: Foul Ball, location: 2F 0-1: Ball 1-1: Ball Passed Ball! Sergio Domínguez to second 2-1: Intentional Walk
|
Pinch Hitting: SHB Juan Gonzáles
|
0-0: Called Strike 0-1: Fly out, F9 (Flyball, 9S)
|
Pinch Hitting: LHB Manny Vigil
|
0-0: Called Strike 0-1: Ball 1-1: Swinging Strike 1-2: Fly out, F8 (Flyball, 89S)
|
Bottom of the 8th over - 0 run(s), 0 hit(s), 0 error(s), 2 left on base; Detroit 5 - Scottsdale 5 |
TOP OF THE 9TH |
Detroit Dirty Snow batting - Pitching for Scottsdale Scorpions : LHP Miguel Guerra
|
Pitching: RHP José Alvarado
|
|
Now at 3B: Juan Gonzáles
|
|
Now at SS: Ronald Smith
|
|
Batting: SHB Víctor Torres
|
0-0: Swinging Strike 0-1: Ground out 4-3 (Groundball, 4)
|
Batting: RHB Manuel Flores
|
0-0: Ball 1-0: Ball 2-0: Called Strike 2-1: Ball 3-1: SINGLE (Groundball, 25) (infield hit)
|
Batting: SHB Cristián López
|
0-0: Called Strike 0-1: Foul Ball, location: 2F 0-2: Ball 1-2: Fly out, F4 (Popup, 4)
|
Pinch Hitting: LHB David Morgan
|
0-0: Ball 1-0: Fly out, F8 (Line Drive, 8RS)
|
Top of the 9th over - 0 run(s), 1 hit(s), 0 error(s), 1 left on base; Detroit 5 - Scottsdale 5 |
BOTTOM OF THE 9TH |
Scottsdale Scorpions batting - Pitching for Detroit Dirty Snow : RHP Vaughan Horne
|
Now at C: David Morgan
|
|
Batting: RHB Steve Boyer
|
0-0: Called Strike 0-1: Ball 1-1: Ground out 4-3 (Groundball, 4)
|
Batting: RHB Brian Stewart
|
0-0: Called Strike 0-1: Ground out 6-3 (Groundball, 6)
|
Batting: LHB José Garza
|
0-0: Foul Ball, location: 2F 0-1: Ball 1-1: SINGLE (Line Drive, 56D)
|
Batting: SHB Luis López
|
0-0: Called Strike 0-1: Ball 1-1: Ball 2-1: Foul Ball, location: 2F 2-2: SINGLE (Line Drive, 89S) José Garza to second José Garza to third
|
Batting: RHB Sergio Domínguez
|
0-0: Ball 1-0: Called Strike 1-1: Swinging Strike 1-2: SINGLE (Line Drive, 56) José Garza scores
|
Tuesday, August 8th, 2017 - OOTP Baseball 17.12 Build 75
|
|